 Dungeon Crawl Stone Soup version 0.23.2-33-g5129a83184 (webtiles) character file.

Game seed: 12975981984413393009

8726 H0rd4k the Carver (level 11, -10/91 HPs)
             Began as a Human Artificer on July 30, 2019.
             Was an Initiate of Gozag.
             Mangled by an ettin
             ... wielding a +0 dire flail of holy wrath
              (21 damage)
             ... on level 12 of the Dungeon.
             The game lasted 00:23:06 (12659 turns).

H0rd4k the Carver (Human Artificer)                Turns: 12659, Time: 00:23:19

Health: -10/91     AC: 16    Str: 16    XL:     11   Next: 61%
Magic:  14/14      EV: 12    Int: 11    God:    Gozag
Gold:   1164       SH:  0    Dex: 14    Spells: 10/10 levels left

rFire    + . .     SeeInvis +   K - +9 falchion
rCold    . . .     Gourm    .   (no shield)
rNeg     . . .     Faith    .   I - +3 scale mail {rF+}
rPois    .         Spirit   .   (no helmet)
rElec    .         Reflect  .   (no cloak)
rCorr    .         Harm     .   (no gloves)
MR       .....                  (no boots)
Stlth    +.........             x - amulet of magic regeneration
HPRegen  0.25/turn              E - ring of see invisible
MPRegen  0.39/turn              i - +4 ring of protection

@: no status effects
A: robust 1, shaggy fur 1
a: Potion Petition, Call Merchant, Bribe Branch, Renounce Religion


You were on level 12 of the Dungeon.
You worshipped Gozag.
Gozag was most pleased with you.
You were not hungry.

You visited 2 branches of the dungeon, and saw 13 of its levels.
You also visited: Ossuary.

You collected 1347 gold pieces.
You paid 183 gold pieces to Gozag.

Inventory:

Hand Weapons
 a - a +0 short sword
 k - a +2 hand axe of chopping
 F - a +2 dagger of venom
 K - a +9 falchion (weapon)
Missiles
 n - 7 javelins (quivered)
 r - 8 tomahawks
 w - 35 poisoned needles
 y - 4 tomahawks of dispersal
Armour
 b - a +0 leather armour
 I - a +3 scale mail of fire resistance (worn)
Magical Staves
 v - an uncursed staff of conjuration
Jewellery
 g - a +3 ring of intelligence {unknown}
 i - a +4 ring of protection (right hand)
 q - an uncursed ring of fire
 x - an amulet of magic regeneration (around neck)
 E - a ring of see invisible (left hand)
Wands
 c - a wand of flame (10)
 d - a wand of enslavement (36)
 e - a wand of random effects (48)
 u - a wand of iceblast (2)
 J - a wand of paralysis (10)
 L - a wand of digging (5)
Scrolls
 l - 2 scrolls of teleportation
 o - 5 scrolls of amnesia
 p - 9 scrolls of identify
 s - 6 scrolls of remove curse
Potions
 h - 3 potions of lignification
 j - 6 potions of curing
 t - 5 potions of mutation
 z - 4 potions of haste
 A - 5 potions of flight
 B - 4 potions of brilliance
 C - a potion of agility
 D - a potion of might
 G - 2 potions of berserk rage
 H - a potion of ambrosia
Comestibles
 f - 15 rations


   Skills:
 + Level 6.6 Fighting
 + Level 4.3(7.6) Short Blades
 + Level 9.7(10.1) Long Blades
 + Level 5.1 Axes
 + Level 1.1 Throwing
 + Level 7.5 Armour
 + Level 5.7 Dodging
 + Level 4.3 Stealth
 + Level 4.4 Evocations


You had 10 spell levels left.
You didn't know any spells.
Your spell library was empty.

Dungeon Overview and Level Annotations

Branches:
Dungeon (12/15)            Temple (1/1) D:7            Lair (0/6) D:10
    Orc (0/2) D:10

Altars:
Ashenzari
Cheibriados
Dithmenos
Elyvilon
Fedhas
Gozag
Hepliaklqana
Kikubaaqudgha
Makhleb
Nemelex Xobeh
Okawaru
Qazlal
Ru
Sif Muna
Trog
Uskayaw
Vehumet
Wu Jian
Xom
Yredelemnul
Zin
The Shining One

Annotations:
D:1 exclusion: downstairs
D:3 exclusion: downstairs
D:6 exclusion: upstairs
D:8 exclusion: upstairs
D:9 exclusion: downstairs
D:10 exclusion: oklob plant
D:12 exclusion: upstairs


Innate Abilities, Weirdness & Mutations

You are robust. (+10% HP)
You are covered in fur. (AC +1)


Message History

The mass of ice explodes!
The iceblast engulfs the ettin!!
The ettin is severely wounded.
You hit the ettin but do no damage.
The ettin is severely wounded.
The ettin hits you but does no damage.
The ettin hits you with a +0 dire flail!!
You hit the ettin.
The ettin is severely wounded.
You slash the ettin!
The ettin is almost dead.
The ettin barely misses you.
You riposte.
You hit the ettin but do no damage.
The ettin is almost dead.
The ettin hits you with a +0 dire flail!!
You hit the ettin.
The ettin is almost dead.
The ettin hits you with a +0 dire flail of holy wrath!!!
* * * LOW HITPOINT WARNING * * *
The ettin hits you with a +0 dire flail!!
You die...
Your body crumbles into a pile of gold.

#. ##### #.# ##...## #.#
#.C #.....# #.#. #..#
#.....# #.#.##
#...###'#...#
####.#..#.#....C@.#..##
.....##.#.#....$..#'##
.....+....#......##..+
.....##.###......#...#
.....)....#.$...##...##
##.####.#.#...###.....#####
+.....#...#####............
##.#.####.#................
'....# #((..(.....#....#..


You could see an ettin.

Vanquished Creatures
  A two-headed ogre (D:11)
  An ogre mage (D:12)
  A cyclops (D:12)
  A centaur zombie (D:11)
  A troll (D:9)
  A hornet (D:12)
  Prince Ribbit (D:5)
  2 hippogriffs
  A spriggan (D:10)
  Sigmund (D:5)
  A hungry ghost (D:8)
  A vampire mosquito (D:12)
  Edmund (D:4)
  Duvessa (D:4)
  3 orc warriors (D:8)
  4 sky beasts
  A black bear (D:7)
  2 ice beasts
  2 phantoms
  5 ogres
  An eye of draining (D:12)
  A necrophage (D:10)
  7 centaurs
  An elf zombie (Ossuary)
  6 bullfrogs
  Dowan (D:4)
  A scorpion (D:7)
  7 howler monkeys
  12 wights
  2 crimson imps (D:6)
  A quasit (D:7)
  A bullfrog zombie (D:12)
  4 orc priests
  A centaur skeleton (D:12)
  A bullfrog skeleton (D:8)
  6 hounds
  A human zombie (Ossuary)
  A jelly (D:6)
  10 orc wizards
  3 iguanas
  10 worker ants
  A big kobold zombie (Ossuary)
  A hound zombie (Ossuary)
  4 mummies (Ossuary)
  6 gnolls
  7 adders
  4 shadow imps
  An ooze (D:3)
  An adder zombie (Ossuary)
  4 worms
  4 dart slugs
  4 leopard geckos
  34 orcs
  5 giant cockroaches
  14 goblins
  11 hobgoblins
  12 jackals
  2 quokkas
  A ball python (D:2)
  4 bats
  7 frilled lizards
  A goblin zombie (Ossuary)
  5 hobgoblin zombies (Ossuary)
  A jackal skeleton (D:8)
  2 kobolds
  A kobold zombie (Ossuary)
  A leopard gecko skeleton (D:6)
  8 rats
256 creatures vanquished.

Vanquished Creatures (others)
  4 toadstools (D:5)
4 creatures vanquished.

Grand Total: 260 creatures vanquished

Notes
Turn   | Place    | Note
-------+----------+-------------------------------------------
     0 | D:1      | H0rd4k the Human Artificer began the quest for the Orb.
     0 | D:1      | Reached XP level 1. HP: 15/15 MP: 3/3
   112 | D:1      | Reached XP level 2. HP: 20/21 MP: 4/4
   679 | D:1      | Reached XP level 3. HP: 16/26 MP: 5/5
  1515 | D:2      | Reached skill level 1 in Armour
  1603 | D:2      | Reached XP level 4. HP: 14/32 MP: 6/6
  2135 | D:3      | Reached skill level 1 in Axes
  2784 | D:3      | Reached XP level 5. HP: 22/37 MP: 7/7
  3524 | D:3      | Found a burning altar of Makhleb.
  3574 | D:3      | Found a glowing silver altar of Zin.
  3587 | D:3      | Found a blossoming altar of Fedhas.
  3587 | D:3      | Found a shattered altar of Ashenzari.
  3608 | D:3      | Found an opulent altar of Gozag.
  3612 | D:3      | Found a shimmering altar of Xom.
  3774 | D:3      | Found a bloodstained altar of Trog.
  3872 | D:4      | Noticed Dowan
  3881 | D:4      | Found a sand-covered staircase.
  3886 | Ossuary  | Entered an ossuary
  3907 | Ossuary  | Reached XP level 6. HP: 31/44 MP: 8/8
  3962 | Ossuary  | Gained mutation: Your spells are a little easier to cast,
                  | but a little less powerful. [potion of mutation]
  3962 | Ossuary  | Gained mutation: You are robust. (+10% HP) [potion of
                  | mutation]
  3962 | Ossuary  | Lost mutation: Your spells are a little easier to cast, but
                  | a little less powerful. [potion of mutation]
  3962 | Ossuary  | Gained mutation: You are covered in fur. (AC +1) [potion of
                  | mutation]
  4035 | Ossuary  | Reached XP level 7. HP: 35/55 MP: 9/9
  4229 | D:4      | Noticed Duvessa
  4337 | D:4      | Killed Dowan
  4647 | D:4      | Noticed Edmund
  4815 | D:5      | Entered Level 5 of the Dungeon
  5348 | D:5      | Noticed Prince Ribbit
  5518 | D:5      | Reached skill level 5 in Axes
  5518 | D:5      | Reached XP level 8. HP: 55/62 MP: 10/10
  5550 | D:5      | Found a hazy altar of Hepliaklqana.
  6445 | D:6      | Found a snail-covered altar of Cheibriados.
  6939 | D:6      | Reached XP level 9. HP: 37/70 MP: 11/11
  7425 | D:7      | Reached skill level 1 in Long Blades
  7454 | D:7      | Reached skill level 2 in Long Blades
  7546 | D:7      | Found a staircase to the Ecumenical Temple.
  7556 | D:7      | Reached skill level 3 in Long Blades
  7667 | D:8      | Reached skill level 4 in Long Blades
  7686 | Temple   | Entered the Ecumenical Temple
  8147 | D:5      | Noticed Sigmund
  8153 | D:5      | Killed Sigmund
  8333 | D:3      | Became a worshipper of Gozag Ym Sagoz the Greedy
  8387 | D:4      | Killed Duvessa
  8387 | D:4      | Reached skill level 5 in Long Blades
  8431 | D:4      | Killed Edmund
  8449 | D:4      | Reached XP level 10. HP: 76/80 MP: 13/13
  8505 | D:4      | Reached skill level 5 in Armour
  8616 | D:4      | Found an ancient bone altar of Kikubaaqudgha.
  8734 | D:5      | Killed Prince Ribbit
  8734 | D:5      | Reached skill level 6 in Long Blades
  9022 | D:7      | Reached skill level 5 in Fighting
  9166 | D:7      | Found a deep blue altar of Sif Muna.
  9438 | D:8      | Reached skill level 7 in Long Blades
  9784 | D:8      | Reached skill level 1 in Throwing
 10211 | D:9      | Reached skill level 5 in Dodging
 10444 | D:9      | Found a sparkling altar of Nemelex Xobeh.
 10879 | D:10     | Entered Level 10 of the Dungeon
 10932 | D:10     | Noticed a gargoyle
 11301 | D:10     | Reached skill level 8 in Long Blades
 11403 | D:10     | Reached XP level 11. HP: 79/89 MP: 14/14
 11566 | D:10     | Noticed an oklob plant
 11570 | D:10     | Found a staircase to the Lair.
 11721 | D:10     | Found a staircase to the Orcish Mines.
 12048 | D:11     | Noticed a two-headed ogre
 12054 | D:11     | Killed a two-headed ogre
 12054 | D:11     | Reached skill level 9 in Long Blades
 12134 | D:11     | Noticed a six-headed hydra
 12282 | D:12     | Noticed a cyclops
 12300 | D:12     | Killed a cyclops
 12584 | D:12     | Noticed an ogre mage
 12626 | D:12     | Killed an ogre mage
 12627 | D:12     | Noticed an ettin
 12659 | D:12     | Mangled by an ettin

Skill      XL: |  1  2  3  4  5  6  7  8  9 10 11 |
---------------+----------------------------------+-----
Armour         | 1 2 3 4 6 7 |  7.5
Axes           | 1 2 3 5 |  5.1
Stealth        | 2 3 4 |  4.3
Fighting       | 2 3 4 5 6 |  6.6
Dodging        | 3 4 5 |  5.7
Short Blades   | 3 4 |  4.3
Long Blades    | 5 8 9 |  9.7
Evocations     | 4 |  4.4
Throwing       | 1 |  1.1

Action                   |  1- 3 |  4- 6 |  7- 9 | 10-12 || total
-------------------------+-------+-------+-------+-------++-------
Melee: Short sword       |    36 |       |       |       ||    36
       Hand axe          |    56 |   183 |    56 |       ||   295
       Dagger            |       |       |   218 |       ||   218
       Falchion          |       |       |   170 |   334 ||   504
Throw: Javelin           |       |       |       |     4 ||     4
       Tomahawk          |       |       |       |     3 ||     3
Evoke: Wand              |       |     3 |    13 |    11 ||    27
  Use: Potion            |       |     7 |     2 |       ||     9
       Scroll            |       |       |    16 |     9 ||    25
 Stab: Sleeping          |     2 |     3 |     2 |       ||     7
       Distracted        |       |       |       |     1 ||     1
  Eat: Chunk             |     2 |     7 |    12 |       ||    21
       Ration            |       |       |     2 |     4 ||     6
Armor: Leather armour    |    16 |    48 |    69 |       ||   133
       Skin              |       |    46 |       |       ||    46
       Scale mail        |       |       |    70 |   129 ||   199
Dodge: Dodged            |    43 |   125 |   268 |   173 ||   609
       Rpst.: Falchion   |       |       |    28 |    51 ||    79
